Map: Apotheosis LE

Players

uThermal - Winner!

  • Race: Terran Terran

viOLet

  • Race: Zerg Zerg

Event: IEM Season 11 - Shanghai

VOD

Have the link to the VOD?

Description

Time

  • Played on: July 29, 2016, 11:29 a.m.
  • Length: 11:51

All games in this series

Show
View Real Time Build Order
Export as new Build Order

uThermal Terran - Winner!

Build Orders: Reaper Expand, Banshee Rush 

Get SALT Encoding   

  12  0:01  SCV  
  13  0:13  SCV  
  14  0:18  Supply Depot  
  14  0:26  SCV  
  15  0:40  SCV  
  15  0:41  Barracks  
  16  0:44  Refinery  
  16  0:52  SCV  
  17  1:04  SCV  
  18  1:16  SCV  
  19  1:29  Orbital Command  
  19  1:30  Reaper  
  20  1:41  Command Center  
  20  1:52  Supply Depot  
  20  1:55  SCV  
  21  2:02  Marine  
  21  2:07  SCV  
  23  2:11  Factory  
  23  2:15  Refinery  
  23  2:19  SCV  
  23  2:21  Barracks Reactor  
  24  2:31  SCV  
  25  2:43  SCV  
  26  2:54  Orbital Command  
  26  2:55  Starport, SCV  
  27  3:03  Hellion x2  
  27  3:05  Barracks Tech Lab  
  31  3:07  SCV  
  32  3:19  SCV  
  34  3:20  SCV  
  34  3:24  Hellion x2  
  38  3:32  SCV x2  
  40  3:36  Marine  
  40  3:39  Cloaking Field  
  40  3:41  Banshee, Supply Depot  
  40  3:44  SCV x2  
  45  3:53  Factory Tech Lab  
  45  3:56  SCV  
  45  3:57  Supply Depot  
  46  4:03  Marine x2, SCV  
  46  4:05  Supply Depot  
  46  4:08  SCV  
  50  4:12  Siege Tank  
  50  4:15  SCV  
  54  4:20  SCV  
  55  4:24  Banshee  
  55  4:28  Marine  
  55  4:29  Command Center, Marine  
  60  4:34  SCV  
  60  4:35  Refinery  
  61  4:39  Supply Depot  
  61  4:44  SCV  
  62  4:47  Supply Depot  
  62  4:48  Marine x2  
  62  4:50  SCV  
  65  4:57  SCV  
  65  4:59  Siege Tank  
  69  5:02  SCV  
  69  5:03  Supply Depot  
  70  5:09  SCV  
  71  5:14  SCV  
  71  5:21  SCV  
  73  5:23  Medivac  
  73  5:24  Medivac, Marine  
  73  5:26  SCV  
  73  5:27  Engineering Bay x2  
  79  5:33  SCV  
  78  5:38  SCV  
  78  5:40  Refinery  
  78  5:42  Marine, Orbital Command  
  80  5:43  Barracks  
  80  5:44  Barracks  
  80  5:45  SCV  
  81  5:52  SCV  
  82  5:57  Terran Infantry Armor Level 1, Terran Infantry Weapons Level 1  
  82  5:58  SCV  
  82  6:02  Marine  
  84  6:08  SCV  
  84  6:10  SCV  
  83  6:16  SCV  
  81  6:20  Marine  
  81  6:23  SCV  
  82  6:29  Siege Tank  
  82  6:31  Barracks Reactor x2  
  83  6:37  Orbital Command  
  83  6:38  Marine  
  83  6:39  Liberator  
  82  6:41  SCV x2  
  82  6:42  Liberator  
  82  6:43  Barracks  
  82  6:44  Barracks  
  84  6:53  SCV x2  
  86  6:55  Marine  
  86  6:57  Armory  
  94  7:08  Marine x2  
  94  7:09  Marine  
  94  7:13  Marine  
  94  7:14  Marine  
  98  7:16  Bunker, Supply Depot  
  98  7:21  Missile Turret  
  98  7:24  Missile Turret  
  98  7:26  Marine x3  
  99  7:31  Marine  
  99  7:32  Barracks Reactor x2, Marine  
  99  7:33  Stimpack  
  99  7:34  Barracks Tech Lab  
  101  7:37  Supply Depot  
  101  7:44  Marine x3  
  101  7:48  Barracks x2  
  101  7:49  Barracks, Refinery  
  101  7:51  Supply Depot  
  104  7:54  Combat Shields  
  104  7:59  Terran Infantry Weapons Level 2  
  104  8:00  Terran Infantry Armor Level 2  
  104  8:03  Marine  
  104  8:04  Marauder  
  107  8:10  Marine, Marauder  
  107  8:12  Marine  
  111  8:13  Marine  
  111  8:16  Marine  
  111  8:19  Siege Tank  
  113  8:25  Marauder  
  115  8:27  Marine  
  115  8:30  Marine  
  115  8:32  Marine, Marauder  
  118  8:34  Marine  
  118  8:37  Marine  
  118  8:38  Marine  
  121  8:41  Marine  
  121  8:45  Barracks Tech Lab, Barracks Reactor  
  121  8:47  Supply Depot, Marine, Marauder  
  122  8:49  Medivac  
  122  8:53  Marauder  
  122  8:55  Marine x2  
  123  8:59  Refinery  
  123  9:00  Supply Depot, Marine  
  123  9:02  Marine x4  
  128  9:03  Medivac  
  128  9:05  Concussive Shells, Marine  
  128  9:08  Marauder  
  132  9:13  Marine x2  
  132  9:15  Marauder  
  136  9:19  Medivac, Marine  
  136  9:21  Marauder  
  141  9:25  Marine  
  141  9:27  Marine  
  141  9:28  Supply Depot  
  141  9:29  Supply Depot, Marauder  
  144  9:33  Medivac  
  144  9:36  Marauder  
  144  9:38  Marine  
  149  9:46  Supply Depot  
  149  9:47  Supply Depot, Terran Vehicle Weapons Level 1  
  149  9:49  Marine x3, Medivac  
  149  9:50  Marauder  
  149  9:51  Marauder  
  158  9:57  Marauder  
  160  10:02  Marine  
  160  10:03  Marine  
  160  10:05  Marine  
  161  10:07  Siege Tank  
  161  10:10  Supply Depot  
  161  10:11  Marauder  
  161  10:12  Medivac, Marauder  
  170  10:19  Marauder  
  171  10:22  Marine x2  
  171  10:25  Ghost Academy  
  171  10:27  Marine  
  173  10:29  Command Center  
  173  10:32  Marauder  
  173  10:33  Marine  
  173  10:34  Marauder  
  173  10:35  Medivac  
  180  10:39  Marine  
  180  10:40  Marauder  
  180  10:43  Siege Tank  
  180  10:48  Supply Depot, Marine  
  176  10:53  Medivac  
  176  10:54  Marauder  
  176  10:55  Marauder  
  176  11:02  Marauder  
  175  11:05  Marine, Medivac  
  175  11:06  Marine  
  175  11:09  Marine x2  
  171  11:16  Marauder  
  172  11:19  Ghost  
  172  11:22  Ghost  
  172  11:24  Marine  
Show
View Real Time Build Order
Export as new Build Order

viOLet Zerg 

Build Orders: Hatch First 

Get SALT Encoding   

  12  0:00  Drone  
  13  0:08  Drone  
  14  0:17  Overlord  
  14  0:23  Extractor, Drone  
  15  0:35  Drone  
  15  0:36  Drone  
  17  0:45  Drone  
  18  0:56  Hatchery  
  17  1:01  Extractor  
  17  1:02  Drone  
  17  1:08  Drone  
  18  1:20  Spawning Pool  
  18  1:22  Drone  
  18  1:28  Drone  
  19  1:43  Overlord  
  19  2:02  Drone  
  19  2:07  Metabolic Boost, Queen  
  22  2:08  Zergling x2  
  22  2:09  Zergling x2  
  22  2:12  Queen  
  26  2:21  Drone  
  26  2:22  Drone  
  28  2:23  Drone  
  29  2:32  Drone  
  30  2:42  Queen  
  32  2:48  Queen  
  34  2:53  Overlord  
  34  2:54  Drone x2  
  36  2:59  Overlord  
  36  3:13  Drone x4  
  36  3:18  Drone x2  
  42  3:20  Drone x4  
  46  3:34  Drone  
  46  3:39  Hatchery, Drone x2  
  47  3:47  Roach Warren  
  46  3:49  Drone x2  
  46  3:50  Drone  
  49  3:57  Drone x3  
  49  4:01  Overlord  
  52  4:03  Extractor  
  52  4:08  Evolution Chamber, Overlord  
  50  4:10  Zergling x4  
  52  4:25  Overlord  
  52  4:27  Roach x2  
  52  4:28  Roach x4  
  64  4:33  Roach x2  
  64  4:34  Overlord  
  68  4:42  Overlord  
  68  4:53  Zergling x12  
  68  4:56  Zergling x2  
  68  4:58  Zerg Ground Armor Level 1  
  75  5:01  Lair  
  75  5:02  Drone  
  75  5:03  Drone  
  75  5:05  Zergling x4  
  79  5:08  Spore Crawler  
  79  5:10  Spore Crawler  
  75  5:20  Zergling x2  
  75  5:21  Zergling x2  
  71  5:31  Evolution Chamber  
  71  5:32  Zergling x2  
  71  5:35  Drone x3  
  69  5:45  Zergling x2  
  70  5:54  Drone x5  
  75  5:57  Drone x2  
  75  5:58  Drone  
  75  6:00  Ravager x3  
  75  6:02  Drone  
  75  6:03  Drone  
  83  6:05  Drone  
  83  6:10  Drone x2  
  85  6:16  Drone  
  83  6:18  Drone  
  83  6:21  Drone x2  
  83  6:24  Glial Reconstitution  
  77  6:25  Extractor  
  77  6:28  Drone x2  
  77  6:29  Drone  
  79  6:35  Drone x2  
  79  6:38  Drone x4  
  84  6:44  Drone x2  
  84  6:45  Drone  
  87  6:49  Overseer  
  87  6:56  Drone x3  
  87  6:57  Extractor  
  87  6:58  Overlord x4  
  87  6:59  Extractor  
  86  7:11  Overlord x2  
  86  7:12  Overlord  
  86  7:16  Extractor  
  86  7:18  Drone x4  
  89  7:24  Roach x6  
  97  7:36  Roach x6  
  109  7:40  Hatchery  
  109  7:41  Drone  
  109  7:42  Drone  
  110  7:54  Spore Crawler  
  110  7:57  Roach x7  
  123  8:03  Overlord x2  
  115  8:13  Roach  
  115  8:14  Roach x7  
  115  8:17  Drone  
  115  8:18  Drone  
  133  8:23  Infestation Pit  
  132  8:27  Ravager x3  
  132  8:28  Ravager  
  132  8:34  Drone x3  
  132  8:35  Drone x2  
  135  8:47  Drone x6  
  135  8:48  Drone x5  
  141  8:52  Queen x2  
  142  8:58  Zerg Ground Armor Level 2  
  142  8:59  Zerg Missile Weapons Level 1  
  142  9:02  Queen  
  140  9:03  Drone x4  
  144  9:10  Drone  
  144  9:13  Pathogen Glands  
  144  9:14  Ravager x3  
  144  9:15  Ravager x2  
  150  9:18  Drone x5  
  155  9:29  Zergling x10  
  160  9:36  Overlord x2  
  160  9:37  Overlord x2  
  160  9:52  Overlord, Hive  
  160  9:53  Overlord  
  156  10:04  Roach x10  
  172  10:12  Zergling x16  
  180  10:18  Infestor x4  
  188  10:24  Zergling x2  
  177  10:46  Spore Crawler  
  177  10:48  Zergling x2  
  177  10:49  Spore Crawler, Zergling x30  
  172  10:58  Zergling x10  
  163  11:09  Infestor x2  
  163  11:10  Ultralisk Cavern  
  160  11:15  Zergling x2  
  160  11:19  Zergling x2  
  160  11:20  Zergling x8  
  160  11:23  Roach  
  167  11:31  Zergling x2  
  153  11:36  Hatchery  
  129  11:46  Hatchery  

Tags
 
Add a new tag
Caveats
  • Supply blocks, unpowered buildings, or Contaminate may cause inaccurate times.
  • Supply counts are checked every 10 seconds.